 Dungeon Crawl Stone Soup version 0.28.0-43-g3370ac3207 (webtiles) character file.

Game seed: 1904981577855010066

63 Exporg the Shield-Bearer (level 4, -2/37 HPs)
             Began as a Formicid Fighter on Mar 14, 2022.
             Slain by an ogre
             ... wielding a +0 giant club
              (7 damage)
             ... on level 3 of the Dungeon.
             The game lasted 00:01:44 (2156 turns).

Exporg the Shield-Bearer (Formicid Fighter)         Turns: 2156, Time: 00:01:45

Health: -2/37      AC: 11    Str: 21    XL:     4   Next: 31%
Magic:  4/4        EV:  9    Int:  7    God:
Gold:   75         SH:  5    Dex: 12    Spells: 3/3 levels left

rFire   . . .      SeeInvis +   a - +0 war axe
rCold   . . .      Faith    .   c - +0 buckler
rNeg    . . .      Spirit   .   b - +0 scale mail
rPois   .          Reflect  .   (helmet unavailable)
rElec   .          Harm     .   (no cloak)
rCorr   .          Rampage  .   (no gloves)
Will    .....                   (no boots)
Stlth   ..........              (no amulet)
HPRegen 0.12/turn               k - +4 ring of protection
MPRegen 0.09/turn               (no ring)

@: mighty
A: permanent stasis, dig shafts and tunnels, antennae 3, four strong arms
a: Dig, Shaft Self


You were on level 3 of the Dungeon.
You visited 1 branch of the dungeon, and saw 3 of its levels.

You collected 75 gold pieces.

Inventory:

Hand Weapons
 a - a +0 war axe (weapon)
Missiles
 n - a throwing net
Armour
 b - a +0 scale mail (worn)
 c - a +0 buckler (worn)
Jewellery
 k - a +4 ring of protection (left hand)
Scrolls
 e - a scroll of enchant armour {unknown}
 g - 2 scrolls of identify {unknown}
 m - 2 scrolls of immolation {unknown}
 p - a scroll of teleportation {unknown}
Potions
 f - a potion of lignification {unknown}
 h - a potion of haste {unknown}
 i - 2 potions of curing {unknown}
 j - a potion of magic {unknown}
 l - a potion of degeneration {unknown}
 o - a potion of heal wounds {unknown}


   Skills:
 + Level 3.7 Fighting
 + Level 2.8 Axes
 + Level 4.0 Armour
 + Level 0.2 Dodging
 + Level 0.4 Stealth
 + Level 4.0 Shields


You had 3 spell levels left.
You didn't know any spells.
Your spell library contained the following spells:

 Spells                   Type           Power      Damage    Failure   Level
 Scorch                   Fire           0%         2d5       92%         2
 Flame Wave               Conj/Fire      0%         2d4       100%        4
 Summon Cactus Giant      Summ           0%         N/A       100%        6


Dungeon Overview and Level Annotations

Branches:
Dungeon (3/15)

Altars:
Ru


Innate Abilities, Weirdness & Mutations

You cannot be hasted, slowed, berserked, paralysed or teleported.
You can dig through walls and to a lower floor.
You have a pair of large antennae on your head. (SInv)
Your four strong arms can wield two-handed weapons with a shield.


Message History

The orc shouts!
An orc is nearby!
An adder comes into view.
The adder hisses angrily.
The orc closely misses you.
An ogre comes into view. It is wielding a +0 giant club.
A hobgoblin comes into view.
The hobgoblin shouts!
You hit the orc.
The orc is moderately wounded.
The orc barely misses you. You block the orc's attack.
You slash the orc!
You kill the orc!
You slash the adder!
You kill the adder!
Your Armour skill increases to level 4!
The ogre hits you with a +0 giant club!
You see here an adder corpse.
You feel very mighty all of a sudden. The ogre closely misses you.
You hit the ogre.
The ogre is lightly wounded.
You closely miss the hobgoblin.
The hobgoblin hits you but does no damage.
The ogre barely misses you.
You slash the ogre!
The ogre is heavily wounded.
You barely miss the hobgoblin.
The hobgoblin hits you but does no damage.
The ogre hits you with a +0 giant club!!
Ouch! That really hurt!
* * * LOW HITPOINT WARNING * * *
The hobgoblin hits you.
* * * LOW HITPOINT WARNING * * *
You barely miss the ogre.
The ogre is heavily wounded.
You slash the hobgoblin!
You kill the hobgoblin!
The ogre hits you with a +0 giant club!
You die...

.............
........................
......................#.
...............<..<....#
......................#.
.......................#
......................#.
.......O................
......)@..............#.
......................##
......................##
.................†....#
......................#
......................#
......................#
........>.............#
......................#


You could see an ogre.

Vanquished Creatures
  2 adders
  A worm (D:2)
  A dart slug (D:2)
  An orc (D:3)
  8 ball pythons
  A bat (D:1)
  4 endoplasms (D:1)
  A giant cockroach (D:3)
  2 goblins (D:1)
  5 hobgoblins
  3 quokkas
  2 frilled lizards (D:3)
  2 kobolds (D:2)
  4 rats
37 creatures vanquished.

Notes
Turn   | Place    | Note
-------+----------+-------------------------------------------
     0 | D:1      | Exporg the Formicid Fighter began the quest for the Orb.
     0 | D:1      | Reached XP level 1. HP: 18/18 MP: 1/1
   137 | D:1      | Reached XP level 2. HP: 15/24 MP: 2/2
   900 | D:1      | Reached XP level 3. HP: 29/29 MP: 3/3
  1545 | D:2      | Found a faded altar of an unknown god.
  1972 | D:2      | Reached XP level 4. HP: 35/37 MP: 4/4
  2086 | D:3      | Found a sacrificial altar of Ru.
  2148 | D:3      | Noticed an ogre
  2156 | D:3      | Slain by an ogre

Illustrated notes

Levels and vault maps discovered:
D:1:      evilmike_arrival_hilbert_curve, layout_basic, minmay_misc_feat_iff
D:2:      layout_basic, dreamdust_ecumenical_altar_grove
D:3:      layout_basic, nicolae_ru_awakened_eye, old_standard_altar,
          gammafunk_ghost_stat_death, chequers_serial_rivers_micro_a

Skill      XL: |  1  2  3  4 |
---------------+-------------+-----
Shields        | 4 |  4.0
Armour         | 4 |  4.0
Fighting       | |  3.7
Axes           | |  2.8
Dodging        | |  0.2
Stealth        | |  0.4

Action                   |  1- 3 |  4- 6 || total
-------------------------+-------+-------++-------
Melee: War axe           |    72 |    13 ||    85
  Use: Potion            |       |     1 ||     1
Armor: Scale mail        |    38 |     4 ||    42
Dodge: Dodged            |    28 |    11 ||    39
Block: Buckler           |     8 |     1 ||     9
